Steven Seagul, lawful female dwarven Valkyrie 32 2 2 | 2 2 |}-------------------------------+------ -----.|}}}}}}|........|...(...(0......@...%H.| |...))|.....}|........|....(...).|...........| |)---<|.....}|........|----------|...........| |.| ..|.....#/...{....)%...)..)))%N........\(| |%-----.....}|......).|----------|%..........| |.).|0%.....}|........|...(...(..|...........| |.|/|.|}}}}}}|........|..........%...........| |.|%|%|}-------------------------------.------ |.|.).| | |.|.).| |.----| |.....| ------- Steven Seagul the Woman-at-arms Experience level: 13 Strength: 18/05 Dexterity: 20 Constitution: 17 Intelligence: 9 Wisdom: 11 Charisma: 8 Health: 101(101) Energy: 21(21) AC: -5 Gold: 332 Moves: 22189 Your Inventory: Coins $ - 332 gold pieces Weapons q - a [blessed +0] long sword of fire (weapon in hand) J - a blessed +4 silver saber (wielded in other hand) Armor c - a blessed +0 pair of gauntlets of dexterity g - an uncursed -1 pair of levitation boots z - a blessed very burnt rotted +4 pair of leather gloves (being worn) K - an uncursed very burnt +0 pair of speed boots (being worn) V - a [blessed] +5 elven mithril-coat (being worn) Comestibles f - 5 [uncursed] K-rations s - an [uncursed] candy bar y - an uncursed lembas wafer F - 8 [uncursed] C-rations G - an [uncursed] partly eaten C-ration Scrolls d - a [cursed] scroll of create monster e - an [uncursed] scroll labeled ETAOIN SHRDLU [of charging] M - an [uncursed] scroll of teleportation N - a [cursed] scroll labeled GNIK SISI VLE [of gold detection] S - an [uncursed] scroll labeled SODALG [of enchant armor] Potions O - an [uncursed] sky blue potion [of see invisible] Rings b - an uncursed ring of warning (on left hand) i - an uncursed ring of teleport control (on right hand) j - an uncursed ring of conflict t - an uncursed ring of slow digestion Wands r - an [uncursed] wand of striking [0:1] u - an uncursed wand of digging [0:1] A - an [uncursed] wand of make invisible [0:5] C - an uncursed wand of sleep (0:0) D - an uncursed wand of teleportation (0:5) E - an uncursed wand of probing (0:6) I - an [uncursed] wand of magic missile [0:6] L - an [uncursed] wand of fire [0:1] Tools o - an uncursed sack w - an [uncursed] fire horn [0:0] P - an uncursed bugle T - an uncursed towel U - an uncursed lock pick Contents of the sack: 10326 gold pieces 3 uncursed scrolls called Earth [of earth] a [blessed] scroll labeled SODALG [of enchant armor] an uncursed scroll labeled VERR YED HORRE [of fire] 2 uncursed scrolls of confuse monster an [uncursed] scroll of create monster a [cursed] scroll of create monster an uncursed scroll of destroy armor an uncursed scroll of flood a cursed scroll of food detection an uncursed scroll of genocide an uncursed scroll of magic mapping an uncursed scroll of stinking cloud 3 uncursed scrolls of teleportation a blessed unlabeled scroll [of blank paper] 7 uncursed unlabeled scrolls [of blank paper] 2 cursed unlabeled scrolls [of blank paper] an [uncursed] potion of healing an uncursed +2 ring of adornment an uncursed ring of cold resistance an uncursed +1 ring of gain constitution an uncursed +1 ring of increase damage an uncursed +1 ring of protection an uncursed ring of searching an uncursed wand of light [0:13] an [uncursed] wand of light [0:11] an uncursed wand of make invisible (0:5) an [uncursed] wand of polymorph [0:7] an uncursed wand of secret door detection (0:13) an uncursed wand of slow monster [0:3] an uncursed wand of speed monster [0:7] Spells known in the end: Name Level Category Fail Memory Your skills at the end: Fighting Skills two weapon combat [Skilled] body armor [Skilled] shield [Basic] Weapon Skills dagger [Basic] long sword [Basic] saber [Basic] Spellcasting Skills Final Attributes: You were piously aligned. Hunger level was 821. Your alignment was 120 / 120. Monster difficulty range was 4 - 19. Level difficulty was 25. You were immune to cold. You resisted poison. You were warned. You had infravision. You were stealthy. You aggravated monsters. You had teleport control. You were very fast. You were wielding two weapons at once. Your luck was zero. You are dead (2nd time!). Vanquished creatures: Medusa a disintegrator a minotaur a demilich 4 stone golems 9 disenchanters a vampire lord a shopkeeper a captain 3 liches 2 clay golems 3 nurses Aphrodite a lurker above 3 vampires 7 lieutenants a ghost 2 giant mimics 4 ogre kings 10 rock trolls an Elvenking 3 large mimics 4 wumpuses 5 stalkers 2 fire elementals a water elemental a hill giant 3 giant mummies 3 xorns 2 giant zombies an elf-lord 8 sergeants 3 wargs a winter wolf 3 small mimics 2 warhorses 2 xans an ettin mummy 4 ogre lords a quantum mechanic 6 trolls a wood golem 4 electric eels a giant turtle a gelatinous cube a pyrolisk a large dog 3 freezing spheres 4 shocking spheres a tiger a gargoyle 2 ochre jellies 2 leocrottas a stone giant 2 elf mummies 2 human mummies 6 red nagas 3 cobras 2 wraiths 2 carnivorous apes a Grey-elf 52 soldiers a watchman a chameleon a crocodile 2 giant beetles a quivering blob 4 cockatrices 5 wolves 5 winter wolf cubs a lynx 29 gremlins a spotted jelly a leprechaun 4 iron piercers 3 giant spiders a horse 3 ice vortices a black light a vampire bat 2 forest centaurs a dwarf mummy 2 ogres 21 brown puddings 16 rust monsters a yeti a gold golem 2 werewolves a Green-elf 2 giant eels 4 lizards 2 chickatrices a dingo a housecat 3 jaguars a blue jelly a dust vortex a plains centaur 5 gnome mummies a snake 7 apes 2 human zombies 3 rope golems a Woodland-elf 11 soldier ants 5 snow ants 5 bugbears an imp 2 quasits 3 wood nymphs 8 water nymphs 4 mountain nymphs 3 Mordor orcs 3 Uruk-hai 2 orc shamans 4 rock piercers 3 enormous rats 3 rock moles 7 ponies 4 fog clouds a yellow light a shrieker 4 violet fungi 4 gnome lords 2 gnomish wizards 8 kobold mummies a red naga hatchling a guardian naga hatchling 3 gray oozes 2 barrow wights 14 elf zombies 2 ghouls 2 straw golems 3 paper golems a wax golem a jellyfish 3 giant ants 8 floating eyes 3 kittens a dwarf a homunculus 3 kobold lords 3 kobold shamans 6 hill orcs 3 rothes 2 rabid rats 2 centipedes 4 giant bats 2 monkeys 9 orc zombies 2 dwarf zombies 3 wererats 3 werejackals 4 muggers 3 iguanas 15 killer bees 5 acid blobs 4 coyotes 2 gas spores 4 hobbits 4 manes 5 large kobolds 7 hobgoblins 3 giant rats 6 cave spiders 4 brown molds 3 yellow molds 4 green molds 19 gnomes 4 gnome zombies 5 geckos 7 jackals 3 foxes a kobold 3 goblins 6 sewer rats 9 grid bugs 10 bats 4 lichens 3 kobold zombies 8 newts 685 creatures vanquished. Voluntary challenges: You used a wielded weapon 1003 times. You read items or engraved 36 times. You put on armor 65 times. You never genocided any monsters. You never polymorphed an object. You changed form 1 time. You used 2 wishes. You did not wish for any artifacts. You wrote Elbereth's name 13 times. You never encountered a bones level. You used 4 Sokoban shortcuts. Dungeon overview: The Dungeons of Doom: levels 1 to 25 Level 1 a fountain, a sink a long staircase Level 2 stairs to The Gnomish Mines Level 3 a scroll shop, a fountain Level 4 a bookstore Level 5 a fountain Level 6 an altar stairs to Sokoban Level 7 some fountains Level 8 a fountain stairs to Town Level 12 a general store, a fountain Level 13 a music store Level 14 a fountain Level 15 a temple, a fountain Level 17 an altar to Tyr, a fountain Level 18 a fountain Level 19 a fountain, a sink Level 21 portal to One-eyed Sam's Market Level 25 <- You were here a magic chest, a fountain, a throne The Gnomish Mines: levels 3 to 11 Level 3 stairs to The Dungeons of Doom Level 5 many shops, a temple, a magic chest, some fountains Level 11 some fountains Sokoban: levels 3 to 5 Level 5 a magic chest stairs to The Dungeons of Doom Town: levels 5 to 7 Level 5 many shops, some fountains, a sink Level 6 many fountains, many trees Level 7 stairs to The Dungeons of Doom One-eyed Sam's Market: Level 1 portal to The Dungeons of Doom History has recorded: On T:1 you entered the Dungeons of Doom to retrieve the Amulet of Yendor! On T:392 you reached level 2 of The Dungeons of Doom. On T:612 you reached level 3 of The Dungeons of Doom. On T:636 you advanced to experience level 2. On T:739 you advanced to experience level 3. On T:760 you reached level 1 of The Gnomish Mines. On T:884 you reached level 2 of The Gnomish Mines. On T:1015 you advanced to experience level 4. On T:1146 you advanced to experience level 5. On T:1424 you reached level 3 of The Gnomish Mines. On T:1761 you wished for "blessed greased +2 silver dragon scale mail". On T:2219 you reached level 4 of The Dungeons of Doom. On T:2304 you advanced to experience level 6. On T:2494 you wished for "blessed fixed +3 silver saber". On T:2732 you reached level 5 of The Dungeons of Doom. On T:2854 you advanced to experience level 7. On T:3278 you advanced to experience level 8. On T:3428 you reached level 6 of The Dungeons of Doom. On T:3480 you reached level 7 of The Dungeons of Doom. On T:3543 you reached level 3 of Sokoban. On T:4520 you reached level 2 of Sokoban. On T:5096 you reached level 1 of Sokoban. On T:6849 you reached level 8 of The Dungeons of Doom. On T:7050 you advanced to experience level 9. On T:7075 you reached level 9 of The Dungeons of Doom. On T:7134 you reached level 3 of Town. On T:7252 you reached level 10 of The Dungeons of Doom. On T:7913 you advanced to experience level 10. On T:8298 you reached level 11 of The Dungeons of Doom. On T:8501 you reached level 12 of The Dungeons of Doom. On T:8648 you reached level 13 of The Dungeons of Doom. On T:9043 you reached level 16 of The Dungeons of Doom. On T:9109 you reached level 17 of The Dungeons of Doom. On T:9383 you reached level 15 of The Dungeons of Doom. On T:9429 you reached level 14 of The Dungeons of Doom. On T:9508 you advanced to experience level 11. On T:10960 you reached level 18 of The Dungeons of Doom. On T:11259 you reached level 19 of The Dungeons of Doom. On T:11388 you reached level 20 of The Dungeons of Doom. On T:11976 you reached level 21 of The Dungeons of Doom. On T:12674 you advanced to experience level 12. On T:12987 you reached level 4 of The Gnomish Mines. On T:13139 you reached level 5 of The Gnomish Mines. On T:13181 you reached level 6 of The Gnomish Mines. On T:14302 you reached level 7 of The Gnomish Mines. On T:14644 you reached level 8 of The Gnomish Mines. On T:14701 you reached level 9 of The Gnomish Mines. On T:16738 you reached level 1 of One-eyed Sam's Market. On T:17358 you reached level 2 of Town. On T:17637 you killed Aphrodite on level 2 of Town. On T:17676 you reached level 1 of Town. On T:18808 you advanced to experience level 13. On T:19028 you killed Medusa on level 21 of The Dungeons of Doom. On T:19036 you reached level 22 of The Dungeons of Doom. On T:19898 you reached level 23 of The Dungeons of Doom. On T:20222 you reached level 24 of The Dungeons of Doom. On T:20440 you reached The Castle. On T:22188 you were saved from death by your amulet of life saving! Latest messages: With great effort you move the boulder. You hear a monster behind the boulder. Perhaps that's why you cannot move it. With great effort you move the boulder. You enter a military barracks! Your long sword of fire burns the sergeant! You hit the sergeant! Your long sword of fire burns the sergeant! You kill the sergeant! O - a sky blue potion. There are several more objects here. The fire giant zaps a ceramic wand! The stone giant is killed by the death ray! The death ray hits you! But wait... Your medallion begins to glow! You feel much better! The medallion crumbles to dust! The rock troll picks up 3 gems. You survived that attempt on your life. The fire giant zaps a wand of death! The rock troll is killed by the death ray! The death ray hits you! Final status: Farvel Steven Seagul the Valkyrie... You died in The Dungeons of Doom on dungeon level 25 with 145094 points, and 10658 pieces of gold, after 22189 moves. You were level 13 with a maximum of 101 hit points when you died.